 Dungeon Crawl Stone Soup version 0.27-a0-1202-ge72e49191c (webtiles) character file.

Game seed: 3520083110549781944

235 funkygono the Firebug (level 5, -4/38 HPs)
             Began as a Draconian Fire Elementalist on June 2, 2021.
             Killed by divine providence
             ... invoked by an orc priest
              (11 damage)
             ... on level 3 of the Dungeon.
             The game lasted 00:05:24 (2926 turns).

funkygono the Firebug (Draconian Fire Elementalist) Turns: 2926, Time: 00:05:24

Health: -4/38      AC:  6    Str: 10 (11) XL:     5   Next: 76%
Magic:  1/10       EV: 11    Int: 13 (16) God:
Gold:   77         SH:  0    Dex:  8 (11) Spells: 3/11 levels left

rFire    . . .     SeeInvis .   c - +1 falchion (freeze)
rCold    . . .     Faith    .   (no shield)
rNeg     . . .     Spirit   .   (armour unavailable)
rPois    .         Reflect  .   (helmet restricted)
rElec    .         Harm     .   (no cloak)
rCorr    .         Rampage  .   a - +0 pair of gloves
Will     .....                  (no boots)
Stlth    +.........             (no amulet)
HPRegen  0.12/turn              (no ring)
MPRegen  0.12/turn              (no ring)

@: no status effects
A: AC +5, unfitting armour, cold-blooded
a: no special abilities


You were on level 3 of the Dungeon.
You visited 1 branch of the dungeon, and saw 3 of its levels.
You also visited: Sewer.

You collected 77 gold pieces.

Inventory:

Hand Weapons
 c - a +1 falchion of freezing (weapon)
Missiles
 b - 124 stones
Armour
 a - a +0 pair of gloves (worn)
Wands
 l - a wand of acid (11)
 m - a wand of iceblast (5)
Scrolls
 d - a scroll of identify
 g - a scroll of amnesia
 i - 2 scrolls of teleportation {unknown}
 k - a scroll of fog {unknown}
 o - a scroll of blinking {unknown}
Potions
 e - a potion of brilliance
 f - 2 potions of magic
 h - a potion of might {unknown}
 j - a potion of attraction {unknown}
 n - a potion of degeneration


   Skills:
 + Level 0.1 Fighting
 + Level 0.2 Long Blades
 + Level 1.8 Dodging
 - Level 1.7 Stealth
 * Level 3.6 Spellcasting
 * Level 3.0 Conjurations
 * Level 4.6 Fire Magic


You had 3 spell levels left.
You knew the following spells:

 Your Spells              Type           Power      Damage    Failure   Level
a - Foxfire               Conj/Fire      48%        2x1d6     4%          1
b - Conjure Flame         Conj/Fire      12%        6-21      14%         3
c - Sticky Flame          Conj/Fire      12%        2d4       41%         4

Your spell library contained the following spells:

 Spells                   Type           Power      Damage    Failure   Level
 Animate Skeleton         Necr           4%         N/A       22%         1
 Apportation              Tloc           4%         N/A       22%         1
 Corona                   Hex            2%         N/A       22%         1
 Summon Small Mammal      Summ           8%         N/A       22%         1
 Inner Flame              Hex/Fire       8%         N/A       26%         3
 Fireball                 Conj/Fire      6%         3d5       77%         5


Dungeon Overview and Level Annotations

Branches:
Dungeon (3/15)              Sewer (visited)

Altars:
Kikubaaqudgha


Innate Abilities, Weirdness & Mutations

Your plain brown scales are hard. (AC +5)
You cannot fit into any form of body armour.
You are cold-blooded and may be slowed by cold attacks.


Message History

The orc priest is lightly wounded.
The foxfire hits the orc priest.
The orc priest is moderately wounded.
The foxfire hits the orc priest.
The orc priest is severely wounded.
The orc priest invokes the aid of Beogh against you.
Beogh smites you!
Casting: Foxfire (safe; 3% risk of failure)
Confirm with . or Enter, or press ? or * to list all spells.
You don't have enough magic to cast this spell.
The foxfire hits the orc priest but does no damage.
The orc priest is severely wounded.
The foxfire hits the orc priest.
The orc priest is almost dead.
The orc priest calls down the wrath of Beogh upon you.
You barely resist.
Items here: )) [ †.
You barely miss the orc priest.
The orc priest is almost dead.
The orc priest casts a cantrip, but nothing happens.
You barely miss the orc priest.
The orc priest is almost dead.
The orc hits you with a +0 dagger.
The orc priest invokes the aid of Beogh against you.
Pain shoots through your body!
* * * LOW HITPOINT WARNING * * *
The orc barely misses you.
It was a potion of degeneration.
There was something very wrong with that liquid.
You feel weakened.
You feel dopey.
You feel clumsy. The orc priest barely misses you.
You riposte.
You barely miss the orc priest.
Your tail-slap misses the orc priest.
The orc priest is almost dead.
The orc barely misses you.
You riposte.
You hit the orc. You freeze the orc.
The orc is moderately wounded.
The orc hits you but does no damage.
You see here a bat corpse.
The orc priest mumbles some strange prayers to Beogh against you.
Beogh smites you!
You die...

......... ........
#####.....# #...)).#
#...)o## #####o###.#
#.o.....# #.#.#####
#@#...
#######.########
........>.......
############.########
#............#
#............#
#............#
##............####
..................


You could see an orc priest and 2 orcs.

Vanquished Creatures
  Purgy (Sewer)
  Ijyb (D:3)
  An orc wizard (D:3)
  2 adders
  A worm (D:2)
  A dart slug (D:1)
  An orc (D:3)
  7 ball pythons
  8 bats
  4 endoplasms
  4 giant cockroaches
  3 goblins
  7 hobgoblins
  2 jackals (D:3)
  8 quokkas
  3 frilled lizards
  5 kobolds
  5 rats
64 creatures vanquished.

Vanquished Creatures (others)
  231 foxfires
231 creatures vanquished.

Grand Total: 295 creatures vanquished

Notes
Turn   | Place    | Note
-------+----------+-------------------------------------------
     0 | D:1      | funkygono the Draconian Fire Elementalist began the quest
                  | for the Orb.
     0 | D:1      | Reached XP level 1. HP: 14/14 MP: 3/3
   215 | D:1      | Reached XP level 2. HP: 20/20 MP: 0/5
  1037 | D:2      | Reached XP level 3. HP: 26/26 MP: 2/6
  1114 | D:2      | Found an ancient bone altar of Kikubaaqudgha.
  1282 | D:2      | Found a faded altar of an unknown god.
  1340 | D:2      | Learned a level 3 spell: Conjure Flame
  2037 | D:3      | Reached XP level 4. HP: 33/33 MP: 4/8
  2108 | D:3      | Learned a level 4 spell: Sticky Flame
  2264 | D:3      | Found a glowing drain.
  2280 | Sewer    | Entered a sewer
  2305 | Sewer    | Noticed Purgy
  2314 | Sewer    | Killed Purgy
  2315 | Sewer    | Reached skill level 4 in Fire Magic
  2315 | Sewer    | Reached XP level 5. HP: 16/38 MP: 1/10
  2696 | D:3      | Noticed Ijyb
  2707 | D:3      | Killed Ijyb
  2926 | D:3      | Killed from afar by an orc priest

Illustrated notes

Levels and vault maps discovered:
D:1:      nicolae_arrival_washed_ashore, layout_rooms, roderic_serpentine_path,
          chequers_serial_rivers_micro_d
D:2:      layout_basic, basic_altar, shapermc_ecumenical_altar_starsandcircs
D:3:      layout_basic, portal_sewer_entry_f, uniq_ijyb

Skill      XL: |  1  2  3  4  5 |
---------------+----------------+-----
Conjurations   | 2 3 |  3.0
Spellcasting   | 3 |  3.6
Fire Magic     | 4 |  4.6
Fighting       | |  0.1
Long Blades    | |  0.2
Dodging        | |  1.8
Stealth        | |  1.7

Action                   |  1- 3 |  4- 6 || total
-------------------------+-------+-------++-------
Melee: Falchion          |     9 |     5 ||    14
       Tailslap          |     1 |       ||     1
 Cast: Foxfire           |    79 |    52 ||   131
  Use: Scroll            |     7 |       ||     7
       Potion            |       |     1 ||     1
Armor: Skin              |     9 |    14 ||    23
Dodge: Dodged            |    15 |    21 ||    36
       Rpst.: Falchion   |     7 |     7 ||    14

Table legend: (Time is in decaauts)
 A = Elapsed time spent in this place.
 B = Non-inter-level travel time spent in this place.
 C = Inter-level travel time spent in this place.
 D = Time resting spent in this place.
 E = Time spent auto-exploring this place.
 F = Levels seen in this place.
 G = Mean time per level.
                   A        B        C        D        E       F      G
               +--------+--------+--------+--------+--------+-----+--------+
         Total |   2935 |   2878 |     57 |    139 |   2287 |   4 |  733.8 |
       Dungeon |   2521 |   2464 |     57 |    139 |   1927 |   3 |  840.3 |
         Sewer |    414 |    414 |      0 |      0 |    360 |   1 |  414.0 |
               +--------+--------+--------+--------+--------+-----+--------+

Top non-repeatable levels by time:
     D:1: 1032 daAuts
     D:2: 882 daAuts
     D:3: 607 daAuts
   Sewer: 414 daAuts
